 Dungeon Crawl Stone Soup version 0.25.0-15-gac7dcb8919 (webtiles) character file.

Game seed: 13248909027204909612

49 protoss039 the Digger (level 3, 17/19 HPs)
             Began as a Deep Elf Earth Elementalist on June 29, 2020.
             Quit the game on level 2 of the Dungeon.
             The game lasted 00:04:04 (1858 turns).

protoss039 the Digger (Deep Elf Earth Elementalist) Turns: 1858, Time: 00:04:05

Health: 17/19      AC:  2    Str:  5    XL:     3   Next: 51%
Magic:  10/10      EV: 13    Int: 20    God:
Gold:   7          SH:  0    Dex: 15    Spells: 9/10 levels left

rFire    . . .     SeeInvis .   b - +0 short sword
rCold    . . .     Gourm    .   (no shield)
rNeg     . . .     Faith    .   c - +0 robe
rPois    .         Spirit   .   (no helmet)
rElec    .         Reflect  .   (no cloak)
rCorr    .         Harm     .   (no gloves)
MR       .....                  (no boots)
Stlth    ++........             (no amulet)
HPRegen  0.06/turn              (no ring)
MPRegen  0.12/turn              (no ring)

@: quite poisoned (17 -> 9)
A: no striking features
a: no special abilities


You were on level 2 of the Dungeon.
You were not hungry.

You visited 1 branch of the dungeon, and saw 2 of its levels.

You collected 7 gold pieces.

Inventory:

Hand Weapons
 b - a +0 short sword (weapon)
Armour
 c - a +0 robe (worn)
Scrolls
 e - a scroll of identify {unknown}
 h - a scroll of remove curse {unknown}
Potions
 f - a potion of haste
Comestibles
 d - a ration


   Skills:
 - Level 2.4 Dodging
 - Level 2.4 Stealth
 * Level 4.2 Spellcasting
   Level 1.1 Transmutations
 * Level 4.3 Earth Magic


You had 9 spell levels left.
You knew the following spells:

 Your Spells              Type           Power        Failure   Level  Hunger
a - Sandblast             Erth           ###...       1%          1    None

Your spell library contained the following spells:

 Spells                   Type           Power        Failure   Level  Hunger
 Passwall                 Tmut/Erth      ###.....     6%          2    #......
 Stone Arrow              Conj/Erth      ##....       16%         3    ###....
 Petrify                  Tmut/Erth      ###.....     38%         4    ####...
 Lee's Rapid Deconstruct  Erth           ###.......   50%         5    ######.


Dungeon Overview and Level Annotations

Branches:
Dungeon (2/15)

Altars:
Xom

Annotations:
D:2 Robin


Message History

You are more poisoned.
The adder poisons you!
You feel sick.
The adder hisses angrily.
You hear a shout!
The adder closely misses you.
You hear a bark!
Found a lumpy silvery potion and 26 stones.
You're too confused to move!
You feel sick. The adder bites you.
Unknown command.
Unknown command.
You're too confused to cast spells.
Unknown command.
You're too confused to move!
The adder closely misses you.
Unknown command.
You're too confused to cast spells.
You bump into the rock wall.
You feel less invigorated.
You feel less confused.
You feel sick. The adder barely misses you. The adder misses you.
You feel sick.
Are you sure you want to abandon this character and quit the game? (Confirm with "yes".)

#............##.#
...........#....# ####
...........###..#.....
...........# #..#.....
...........###.......(
.....#..<..##.g.......
.....#.......†.#......
.............#.......!
....##..)....@S.....##
...##........$.......#
.....................#
......................#
....#................#
.....................
#.#..................
#.#.#..........>....
#...................


You could see an adder and a hobgoblin.

Vanquished Creatures
  An ooze (D:1)
  A dart slug (D:2)
  A leopard gecko (D:1)
  A ball python (D:1)
  4 bats
  4 giant cockroaches
  3 goblins (D:1)
  3 hobgoblins
  8 jackals
  2 frilled lizards
  5 kobolds
  4 rats
37 creatures vanquished.

Notes
Turn   | Place    | Note
-------+----------+-------------------------------------------
     0 | D:1      | protoss039 the Deep Elf Earth Elementalist began the quest
                  | for the Orb.
     0 | D:1      | Reached XP level 1. HP: 10/10 MP: 6/6
    32 | D:1      | Reached XP level 2. HP: 6/15 MP: 0/8
  1040 | D:1      | Found a shimmering altar of Xom.
  1202 | D:1      | Reached XP level 3. HP: 19/19 MP: 8/10
  1292 | D:2      | Noticed Robin
  1858 | D:2      | Quit the game

Illustrated notes

Levels and vault maps discovered:
D:1:      psy_arrival_radial02, layout_rooms, supply_closet_lemuel,
          xom_teletrap_fun
D:2:      layout_rooms, uniq_robin, uniq_natasha

Skill      XL: |  1  2  3 |
---------------+----------+-----
Earth Magic    | 4 |  4.3
Spellcasting   | 4 |  4.2
Dodging        | |  2.4
Stealth        | |  2.4
Transmutations | |  1.1

Action                   || total
-------------------------++-------
Melee: Dagger            ||    70
       Unarmed           ||     1
       Short sword       ||     7
 Cast: Sandblast         ||    40
  Use: Potion            ||     3
  Eat: Chunk             ||     3
Armor: Robe              ||    23
Dodge: Dodged            ||    98
